 Dungeon Crawl Stone Soup version 0.23.2-30-g0e89c35649 (webtiles) character file.

Game seed: 6036048297777537095

178 Nitrollious the Shield-Bearer (level 5, -2/50 HPs)
             Began as a Troll Fighter on June 14, 2019.
             Slain by a gnoll
             ... wielding a +0 halberd
              (11 damage)
             ... on level 3 of the Dungeon.
             The game lasted 00:06:05 (1722 turns).

Nitrollious the Shield-Bearer (Troll Fighter)       Turns: 1722, Time: 00:06:06

Health: -2/50      AC:  6    Str: 25    XL:     5   Next: 32%
Magic:  4/4        EV:  8    Int:  4    God:
Gold:   163        SH:  9    Dex:  9    Spells: 4/4 levels left

rFire    . . .     SeeInvis .     - Unarmed
rCold    . . .     Gourm    +   b - +0 shield
rNeg     . . .     Faith    .   a - +0 robe
rPois    .         Spirit   .   (helmet restricted)
rElec    .         Reflect  .   (no cloak)
rCorr    .         Harm     .   (gloves unavailable)
MR       .....                  (boots unavailable)
Stlth    +.........             (no amulet)
HPRegen  0.56/turn              (no ring)
MPRegen  0.09/turn              (no ring)

@: drained
A: large, unfitting armour, claws 3, fast metabolism 3, gourmand, regeneration
1, shaggy fur 1, tough skin 3
a: no special abilities


You were on level 3 of the Dungeon.
You were very full.

You visited 1 branch of the dungeon, and saw 3 of its levels.

You collected 163 gold pieces.

Inventory:

Armour
 a - a +0 robe (worn)
 b - a +0 shield (worn)
Jewellery
 t - a cursed +3 amulet of reflection {unknown}
Scrolls
 g - a scroll of random uselessness {unknown}
 h - 6 scrolls of identify {unknown}
 j - a scroll of remove curse {unknown}
 m - 4 scrolls of enchant weapon {unknown}
 n - a scroll of blinking {unknown}
 q - a scroll of amnesia {unknown}
Potions
 c - a potion of might
 e - a potion of flight {unknown}
 f - 2 potions of agility {unknown}
 i - a potion of haste {unknown}
 k - a potion of berserk rage {unknown}
 l - 2 potions of mutation {unknown}
 p - a potion of degeneration {unknown}
 r - a potion of curing {unknown}
 s - a potion of magic {unknown}
Comestibles
 d - 5 rations
 o - 2 chunks of flesh


   Skills:
 + Level 2.7(2.0) Fighting
 + Level 3.1(2.4) Dodging
 - Level 0.1(0.0) Stealth
 + Level 3.6(2.9) Shields
 + Level 3.3(2.5) Unarmed Combat


You had 4 spell levels left.
You didn't know any spells.
Your spell library was empty.

Dungeon Overview and Level Annotations

Branches:
Dungeon (3/15)

Altars:
Ashenzari


Innate Abilities, Weirdness & Mutations

You are too large for most types of armour.
You have claws for hands.
Your metabolism is lightning-fast.
You like to eat raw meat.
Your natural rate of healing is unusually fast.
You are covered in fur. (AC +1)
You have extremely tough skin. (AC +3)


Message History

The gnoll barely misses you.
You scratch the worm.
The worm is heavily wounded.
You block the worm's attack. The gnoll barely misses you.
You scratch the worm.
The worm is severely wounded.
The gnoll hits you but does no damage. The worm closely misses you.
Your shield prevents you from hitting the worm.
The worm is severely wounded.
The gnoll hits you from afar with a +0 spear.
You claw the worm!
You kill the worm!
The gnoll hits you from afar with a +0 spear.
* * * LOW HITPOINT WARNING * * *
You block the gnoll's attack. The gnoll hits you with a +0 spear.
* * * LOW HITPOINT WARNING * * *
You see here a worm corpse.
You completely miss the gnoll. You block the gnoll's attack.
The gnoll hits you from afar with a +0 halberd!
You die...

#.##.# #.# #.##w# #.# ####.#
#.# ### #.# #.# #.# #.# #.#
#.# #.# #.# #.# #.# #.#
###.###.########.#
#..รท......gg@....############
###.###.########)..).........
#.# #.########.###.#######.
###.###.......##.# #.# #.
#.......#####.##.# #.# #.
######### #.# #.# #. #.# #.#
#. #.# #.. #. #.# ### #.


You could see 2 gnolls.

Vanquished Creatures
  A howler monkey (D:3)
  A gnoll (D:3)
  4 adders
  An ooze (D:3)
  A worm (D:3)
  5 leopard geckos
  3 orcs (D:3)
  A giant cockroach (D:1)
  11 goblins
  9 hobgoblins
  11 jackals
  A quokka (D:3)
  5 bats
  8 frilled lizards
  7 kobolds
  7 rats
76 creatures vanquished.

Notes
Turn   | Place    | Note
-------+----------+-------------------------------------------
     0 | D:1      | Nitrollious the Troll Fighter began the quest for the Orb.
     0 | D:1      | Reached XP level 1. HP: 22/22 MP: 0/0
   171 | D:1      | Reached XP level 2. HP: 29/29 MP: 1/1
   446 | D:1      | Reached XP level 3. HP: 36/36 MP: 2/2
   728 | D:2      | Found a shattered altar of Ashenzari.
   732 | D:2      | Saw a vision of the Shoals and the Spider Nest.
   732 | D:2      | Noticed a merfolk siren
   732 | D:2      | Noticed a merfolk siren
   732 | D:2      | Noticed a centaur
   732 | D:2      | Noticed a hippogriff
   732 | D:2      | Noticed a hippogriff
   732 | D:2      | Noticed a merfolk
   732 | D:2      | Noticed a merfolk siren
   732 | D:2      | Noticed a redback
   732 | D:2      | Noticed a redback
   732 | D:2      | Noticed a wolf spider
   732 | D:2      | Noticed a redback
   732 | D:2      | Noticed a redback
   732 | D:2      | Noticed a redback
   732 | D:2      | Noticed a scorpion
   732 | D:2      | Noticed a wolf spider
   732 | D:2      | Noticed a hippogriff
   733 | D:2      | Noticed a merfolk
   897 | D:2      | Reached XP level 4. HP: 41/44 MP: 3/3
  1229 | D:2      | Found a faded altar of an unknown god.
  1516 | D:3      | Reached XP level 5. HP: 48/50 MP: 4/4
  1722 | D:3      | Slain by a gnoll

Skill      XL: |  1  2  3  4 |
---------------+-------------+-----
Shields        | 3 |  3.6
Dodging        | 3 |  3.1
Unarmed Combat | 3 |  3.3
Fighting       | |  2.7
Stealth        | |  0.1

Action                   |  1- 3 |  4- 6 || total
-------------------------+-------+-------++-------
Melee: Unarmed           |   134 |   134 ||   268
  Use: Scroll            |     1 |       ||     1
 Stab: Sleeping          |     1 |       ||     1
  Eat: Chunk             |    14 |     7 ||    21
Armor: Robe              |    31 |    39 ||    70
Dodge: Dodged            |    37 |    45 ||    82
Block: Shield            |    67 |    84 ||   151
